 Dungeon Crawl Stone Soup version 0.32-a0-135-g14f8b2e (webtiles) character file.

Game seed: 4908737775285086291

617 Dorkslayer the Ruffian (level 7, -2/46 HPs)
             Began as an Octopode Fighter on Feb 10, 2024.
             Was an Initiate of Dithmenos.
             Killed by divine providence
             ... invoked by an orc priest
              (12 damage)
             ... on level 5 of the Dungeon.
             The game lasted 00:09:53 (3368 turns).

Dorkslayer the Ruffian (Octopode Fighter)           Turns: 3368, Time: 00:09:54

Health: -2/46      AC:  1    Str: 17    XL:     7   Next: 45%
Magic:  7/7        EV: 12    Int: 11    God:    Dithmenos [......]
Gold:   279        SH: 13    Dex: 11    Spells: 6/6 levels left

rFire   . . .        s - +2 flail (holy)
rCold   . . .        i - +0 kite shield
rNeg    + . .        (helmet currently unavailable)
rPois   .            e - amulet of reflection
rElec   .            c - ring of positive energy
rCorr   .            (no ring)
SInv    .            (no ring)
Will    .....        (no ring)
Stlth   +++          (no ring)
HPRegen 0.27/turn    (no ring)
MPRegen 0.10/turn    (no ring)
                     (no ring)

%: reflection
@: mighty, beast-form
A: beast (slay +1), almost no armour, amphibious, 8 rings, camouflage 1,
gelatinous body 1, (nimble swimmer 1), tentacles
a: Begin Untransformation, Renounce Religion


You were on level 5 of the Dungeon.
You worshipped Dithmenos.
Dithmenos was noncommittal.
You were a hulking beast.
You visited 1 branch of the dungeon, and saw 5 of its levels.

You collected 279 gold pieces.

Inventory:

Hand Weapons
 d - a +4 hand axe of freezing
 s - a +2 flail of holy wrath (weapon)
Armour
 i - a +0 kite shield (worn)
Jewellery
 c - a ring of positive energy (left tentacle)
 e - an amulet of reflection (around mantle)
Talismans
 k - a beast talisman (active)
Scrolls
 a - a scroll of identify
 j - a scroll of blinking
 m - 2 scrolls of fog
Potions
 h - 3 potions of brilliance
 q - 2 potions of curing


   Skills:
 + Level 3.5 Fighting
 + Level 2.1 Maces & Flails
 + Level 4.0 Dodging
 + Level 4.1 Stealth
 + Level 4.2 Shields
 * Level 4.3 Unarmed Combat
 * Level 2.4 Shapeshifting


You had 6 spell levels left.
You didn't know any spells.
Your spell library contained the following spells:

 Spells                   Type           Power      Damage    Failure   Level
 Lesser Beckoning         Tloc           0%         N/A       82%         2
 Mercury Vapours          Alch/Air       0%         N/A       82%         2
 Gell's Gravitas          Tloc           0%         N/A       96%         3
 Mephitic Cloud           Conj/Alch/Air  0%         N/A       96%         3
 Teleport Other           Tloc           0%         N/A       96%         3
 Volatile Blastmotes      Fire/Tloc      0%         2d10      96%         3
 Fulminant Prism          Conj/Alch      0%         3d5       100%        4
 Iskenderun's Mystic Bla  Conj/Tloc      0%         2d3       100%        4
 Freezing Cloud           Conj/Ice/Air   0%         6-21      100%        5


Dungeon Overview and Level Annotations

Branches:
Dungeon (5/15)
 Temple: D:4-7

Altars:
Dithmenos
Qazlal
Vehumet


Innate Abilities, Weirdness & Mutations

You are a hulking beast.
Your limbs bulge with bestial killing power. (Slay +1)
You cannot wear most types of armour.
You are amphibious.
You can wear up to eight rings at the same time.
Your skin changes colour to match your surroundings (Stealth+).
Your rubbery body absorbs attacks. (AC +1, EV +1)
((You are camouflaged when in or above water. (Stealth+)))
You have tentacles for arms and can constrict up to eight enemies at once.


Message History

You sock the orc!
You kill the orc!
Dithmenos accepts your kill.
Items here: ))) [ †††.
Okay, then.
There is a stone staircase leading up here.
An orc wizard and an orc priest come into view.
Found 7 gold pieces.
An orc wizard and 2 orcs come into view.
The orc shouts!
The orc priest shouts!
The orc wizard shouts!
The orc priest calls down the wrath of Beogh upon you.
Beogh smites you!
The orc wizard points at you and mumbles some strange words.
You are confused.
The orc wizard gestures wildly while chanting.
The orc wizard flickers and vanishes!
Deactivating autopickup; reactivate with Ctrl-A.
The orc shouts!
The orc wizard points at you and mumbles some strange words.
The magic dart hits you.
You feel better.
The orc hits you from afar with a +0 trident.
The orc priest barely misses you.
You feel very mighty all of a sudden. The orc closely misses you.
You block the orc's attack. You block the orc priest's attack.
You barely miss the orc priest. You grab the orc priest.
You constrict the orc priest.
The orc wizard hits you with a +0 dagger.
Something hits you.
The orc hits you from afar with a +0 trident!
The orc priest closely misses you. The orc wizard casts a spell at you.
The puff of flame hits you!
* * * LOW HITPOINT WARNING * * *
You block something's attack. You block the orc's attack.
The orc hits you but does no damage.
The orc priest calls down the wrath of Beogh upon you.
Beogh smites you!
You die...

#.################
#.#...............
#.#.######..######
#.#<.....#........
#.###.##.#.#######
#....<............
##+############.#+#######
#.......o............#...
+......oh######......#.##
#.......o######......#.#.
......o...............>#+
######.#.########.####...
...$. #.# #... .#.#.. #.#
#... ###.#### #.####...
......... #.####...


You could see an orc priest, an orc wizard and 2 orcs.

Vanquished Creatures
  A water moccasin (D:4)
  An ogre (D:4)
  A jelly (D:5)
  4 bombardier beetles
  2 iguanas
  An orc wizard (D:5)
  9 adders
  A shadow imp (D:5)
  A white imp (D:5)
  An adder skeleton (D:2)
  5 dart slugs
  A ribbon worm (D:2)
  7 orcs
  6 ball pythons
  A bat zombie (D:2)
  6 endoplasms
  4 giant cockroaches
  10 goblins
  13 hobgoblins
  4 jackals (D:3)
  2 quokkas
  A ball python skeleton (D:2)
  4 bats
  A frilled lizard (D:2)
  A giant cockroach zombie (D:2)
  3 kobolds
  9 rats
100 creatures vanquished.

Notes
Turn   | Place    | Note
-------+----------+-------------------------------------------
     0 | D:1      | Dorkslayer the Octopode Fighter began the quest for the
                  | Orb.
     0 | D:1      | Reached XP level 1. HP: 16/16 MP: 1/1
   190 | D:1      | Reached XP level 2. HP: 21/21 MP: 2/2
   780 | D:2      | Reached skill level 1 in Stealth
   931 | D:2      | Reached XP level 3. HP: 23/26 MP: 3/3
  1228 | D:2      | Reached XP level 4. HP: 25/31 MP: 4/4
  1727 | D:3      | Reached XP level 5. HP: 36/36 MP: 5/5
  2049 | D:3      | Found a radiant altar of Vehumet.
  2164 | D:3      | Reached skill level 1 in Shapeshifting
  2253 | D:4      | Found a stormy altar of Qazlal.
  2352 | D:4      | Noticed a water moccasin
  2363 | D:4      | Killed a water moccasin
  2364 | D:4      | Reached XP level 6. HP: 18/42 MP: 6/6
  2487 | D:4      | Reached skill level 1 in Maces & Flails
  2610 | D:4      | Found a shadowy altar of Dithmenos.
  2622 | D:4      | Reached XP level 7. HP: 44/46 MP: 7/7
  2629 | D:4      | Became a worshipper of Dithmenos the Shadowed
  2854 | D:5      | Entered Level 5 of the Dungeon
  2854 | D:5      | Noticed a +0 dagger
  2854 | D:5      | Noticed a +0 spear
  2854 | D:5      | Noticed a +0 short sword
  2854 | D:5      | Noticed a +0 dagger
  2854 | D:5      | Noticed a +0 short sword
  2854 | D:5      | Noticed a +0 falchion
  2976 | D:5      | Found Peutilah's Antique Armour Emporium.
  3368 | D:5      | Killed from afar by an orc priest

Illustrated notes

Levels and vault maps discovered:
D:1:      spicycebolla_arrival_clurvy, layout_rooms, minmay_strange_pillars
D:2:      cheibrodos_greedy_goblins, layout_basic, serial_undead,
          serial_undead_d, serial_undead_f, serial_undead_e, serial_undead_b,
          hangedman_decor_growths
D:3:      layout_rooms, nicolae_overflow_hidden_temple, serial_aquarium,
          aquarium_bridge_straight [aquarium_subvault_bridge,
          aquarium_subvault_wall, aquarium_subvault_bridge,
          aquarium_subvault_wall], aquarium_window_fake, aquarium_window_2,
          aquarium_window_1, aquarium_window_1, aquarium_view_2g,
          aquarium_balcony_1b, aquarium_pool_split
D:4:      layout_rooms, mainiacjoe_overflow_cross_hatched, kennysheep_mini_moat,
          grunt_decor_cap, kennysheep_path_1, solitary_fountain
D:5:      layout_basic, nicolae_uskayaw_en_pointe, serial_shops,
          nicolae_shop_trees

Skill      XL: |  1  2  3  4  5  6  7 |
---------------+----------------------+-----
Stealth        | 1 2 3 4 |  4.1
Unarmed Combat | 3 4 |  4.3
Shapeshifting  | 1 2 |  2.4
Shields        | 4 |  4.2
Maces & Flails | 1 2 |  2.1
Dodging        | 4 |  4.0
Fighting       | |  3.5

Action                     |  1- 3 |  4- 6 |  7- 9 || total
---------------------------+-------+-------+-------++-------
  Melee: Unarmed           |    84 |    76 |       ||   160
         Constrict         |    20 |    30 |    12 ||    62
         Tentacles         |    15 |    22 |     8 ||    45
         Punch             |     4 |     4 |     1 ||     9
         Flail             |       |    28 |    30 ||    58
    Use: Scroll            |       |    13 |       ||    13
         Potion            |       |       |     2 ||     2
   Stab: Sleeping          |    11 |    10 |     1 ||    22
 Armour: Skin              |    24 |    33 |    17 ||    74
  Dodge: Dodged            |    26 |    29 |    12 ||    67
  Block: Buckler           |    14 |       |       ||    14
         Kite shield       |    31 |    74 |    18 ||   123
         Reflection        |       |     1 |     2 ||     3
   Form: Beast             |       |     1 |       ||     1

Table legend: (Time is in decaauts)
 A = Elapsed time spent in this place.
 B = Non-inter-level travel time spent in this place.
 C = Inter-level travel time spent in this place.
 D = Time resting spent in this place.
 E = Time spent auto-exploring this place.
 F = Levels seen in this place.
 G = Mean time per level.
                   A        B        C        D        E       F      G
               +--------+--------+--------+--------+--------+-----+--------+
         Total |   3407 |   3407 |      0 |      0 |   1829 |   5 |  681.4 |
       Dungeon |   3407 |   3407 |      0 |      0 |   1829 |   5 |  681.4 |
               +--------+--------+--------+--------+--------+-----+--------+

Top non-repeatable levels by time:
     D:2: 1083 daAuts
     D:4: 655 daAuts
     D:3: 655 daAuts
     D:5: 526 daAuts
     D:1: 486 daAuts
